 Dungeon Crawl Stone Soup version 0.26-a0-812-g31a745ddcd (webtiles) character file.

Game seed: 9286759143723729711

28956 Dracia the Covert (level 13, -4/81 HPs)
             Began as a Demonspawn Arcane Marksman on Dec 3, 2020.
             Was a Priest of Dithmenos.
             Slain by a death yak (25 damage)
             ... on level 4 of the Lair of Beasts.
             The game lasted 00:53:45 (19059 turns).

Dracia the Covert (Demonspawn Arcane Marksman)     Turns: 19059, Time: 00:53:45

Health: -4/81      AC:  8    Str: 10    XL:     13   Next: 12%
Magic:  25/25      EV: 28    Int: 16    God:    Dithmenos [***...]
Gold:   1184       SH:  0    Dex: 28    Spells: 3/16 levels left

rFire    + + +     SeeInvis +   b - +7 dagger (venom)
rCold    + + .     Faith    .   (no shield)
rNeg     . . .     Spirit   .   H - +2 leather armour of the Kettle-Drum {rF++ rC+ MP+9 SInv}
rPois    .         Reflect  .   J - +0 helmet
rElec    .         Harm     .   w - scarf {rC+ rF+}
rCorr    .         Rampage  .   p - +1 pair of gloves
MR       .....                  (boots unavailable)
Stlth    ++++++++++             G - amulet of regeneration
HPRegen  0.63/turn              t - +6 ring of dexterity
MPRegen  0.19/turn              v - +4 ring of evasion

@: wreathed by umbra
A: talons 3, thin skeletal structure 2, demonic guardian 1, powered by pain 2
a: Shadow Step, Renounce Religion


You were on level 4 of the Lair of Beasts.
You worshipped Dithmenos.
Dithmenos was most pleased with you.
You visited 3 branches of the dungeon, and saw 16 of its levels.
You also visited: Sewer.

You collected 1184 gold pieces.


Innate Abilities, Weirdness & Mutations

You have claws for feet.
You have a moderately thin skeletal structure. (Dex +4, Stealth+)
A weak demonic guardian rushes to your aid.
You sometimes gain power by taking damage.


   Skills:
 - Level 1.0 Fighting
 - Level 10.0 Short Blades
 - Level 4.2 Crossbows
 - Level 12.0 Dodging
 + Level 13.3 Stealth
 - Level 2.0 Spellcasting
 + Level 9.5 Hexes
 - Level 3.5 Invocations


You had 3 spell levels left.
You knew the following spells:

 Your Spells              Type           Power        Failure   Level
a - Inner Flame           Hex/Fire       ###.....     12%         3
b - Slow                  Hex            ####....     1%          2
c - Portal Projectile     Hex/Tloc       ###...       12%         3
d - Cause Fear            Hex            ####......   5%          4
f - Corona                Hex            ####...      1%          1

Your spell library contained the following spells:

 Spells                   Type           Power        Failure   Level
 Beastly Appendage        Tmut           #.....       28%         1
 Wereblood                Tmut           #.......     38%         2
 Spider Form              Tmut/Pois      #.........   63%         3
 Leda's Liquefaction      Hex/Erth       ###.......   36%         4
 Ice Form                 Ice/Tmut       #.......     95%         4
 Blade Hands              Tmut           #.........   100%        5

Inventory:

Hand Weapons
 a - a +0 hand crossbow
 b - a +7 dagger of venom (weapon)
 N - a +0 quick blade
Missiles
 d - 86 bolts
 o - 30 poisoned darts (quivered)
 z - 5 datura-tipped darts
 A - 2 throwing nets {=f=f}
Armour
 p - a +1 pair of gloves (worn)
 w - a scarf of resistance (worn)
 H - the +2 leather armour of the Kettle-Drum (worn) {rF++ rC+ MP+9 SInv}
   (You found it on level 11 of the Dungeon)

   It greatly protects you from fire.
   It protects you from cold.
   It affects your magic capacity (+9).
   It lets you see invisible.
 J - a +0 helmet (worn)
Magical Staves
 g - an uncursed staff of earth {!a!a, unknown}
Jewellery
 e - an uncursed ring of resist corrosion
 t - a +6 ring of dexterity (left hand)
 v - a +4 ring of evasion (right hand)
 D - an uncursed ring of poison resistance
 G - an amulet of regeneration (around neck)
 M - an uncursed ring of flight
Wands
 j - a wand of random effects (24)
 n - a wand of disintegration (13)
 u - a wand of paralysis (7)
 B - a wand of flame (19)
 E - a wand of acid (15)
 L - a wand of polymorph (6)
Scrolls
 h - 7 scrolls of remove curse {@r2@r2}
 k - 9 scrolls of identify {@r1@r1}
 s - a scroll of brand weapon {unknown}
 x - 2 scrolls of blinking
 y - 6 scrolls of teleportation {@r4@r4}
 C - 5 scrolls of magic mapping
 K - 2 scrolls of enchant armour
Potions
 c - 7 potions of lignification
 f - a potion of haste {@q3@q3}
 i - 5 potions of brilliance
 l - 2 potions of heal wounds {@q2@q2}
 m - 9 potions of curing {@q1@q1}
 q - 4 potions of flight
 r - 2 potions of might
 F - a potion of mutation {unknown}
 I - a potion of resistance

Dungeon Overview and Level Annotations

Branches:
Dungeon (11/15)            Temple (1/1) D:4            Lair (4/6) D:11
  Swamp (0/4) Lair:3       Shoals (0/4) Lair:2          Orc (0/2) D:11
  Sewer (visited)

Altars:
Ashenzari
Cheibriados
Dithmenos
Elyvilon
Fedhas
Gozag
Hepliaklqana
Kikubaaqudgha
Makhleb
Nemelex Xobeh
Okawaru
Qazlal
Ru
Sif Muna
Trog
Uskayaw
Vehumet
Wu Jian
Xom
Yredelemnul
Zin
The Shining One
Lugonu

Annotations:
D:9 exclusion: orange crystal statue
Lair:2 exclusion: 2 oklob plants

### ## ##.## ###
.### ###...###Y#
†.P# #P>....5Y@#
..## ##...†..YY#
..## ##........#
...#####.........#
..##P............#
..##..#.#".......#
.....#?##.........
..+.####$........##
.<### #........#


You could see 4 death yaks and a friendly white imp (summoned).


Message History

The death yak is moderately wounded.
The death yak barely misses you.
Your white imp gestures at the death yak.
The puff of frost hits the death yak!
You hit the death yak but do no damage.
You claw the death yak, but do no damage.
The death yak is lightly wounded.
The death yak misses you.
The death yak gores you but does no damage. x2
You hit the death yak but do no damage.
The death yak is poisoned.
The death yak is lightly wounded.
The death yak gores you!
* * * LOW HITPOINT WARNING * * *
Your white imp hits the death yak but does no damage.
You hit the death yak but do no damage.
The death yak is poisoned.
You claw the death yak, but do no damage.
The death yak closely misses you. The death yak gores you!!
* * * LOW HITPOINT WARNING * * *
You focus on the pain.
You feel your power returning. The death yak completely misses you.
Unknown command.
You feel better. The death yak gores you.
* * * LOW HITPOINT WARNING * * *
Your white imp gestures at the death yak.
The puff of frost hits the death yak.
The death yak completely misses you. The death yak closely misses you.
The death yak completely misses you.
You hit the death yak but do no damage.
The death yak is heavily wounded.
The death yak gores you!!
You die...

Skill      XL: |  1  2  3  4  5  6  7  8  9 10 11 12 |
---------------+-------------------------------------+-----
Crossbows      | 2 3 4 |  4.2
Spellcasting   | 2 |  2.0
Hexes          | 4 5 6 9 |  9.5
Stealth        | 2 4 7 9 10 11 13 | 13.3
Short Blades   | 1 2 4 5 7 10 | 10.0
Dodging        | 4 7 10 11 12 | 12.0
Invocations    | 3 |  3.5
Fighting       | |  1.0

Action                   |  1- 3 |  4- 6 |  7- 9 | 10-12 | 13-15 || total
-------------------------+-------+-------+-------+-------+-------++-------
Melee: Spear             |   106 |    14 |       |       |       ||   120
       Kick              |    15 |    60 |    96 |   313 |    19 ||   503
       Dagger            |       |   256 |   333 |   835 |    52 ||  1476
 Fire: Hand crossbow     |    16 |       |       |    41 |       ||    57
 Cast: Corona            |     9 |     4 |       |     1 |       ||    14
       Slow              |     2 |     1 |       |       |       ||     3
Invok: Shadow Step       |       |       |       |     4 |     2 ||     6
  Use: Scroll            |     5 |     3 |     6 |     7 |       ||    21
       Potion            |     4 |     4 |     3 |     8 |     1 ||    20
 Stab: Sleeping          |     3 |    10 |    36 |    34 |     8 ||    91
       Invisible         |     1 |       |       |       |       ||     1
       Distracted        |       |       |     4 |     9 |     1 ||    14
Armor: Robe              |    22 |    19 |       |       |       ||    41
       Skin              |     3 |     3 |       |    36 |       ||    42
       Leather armour    |       |    25 |    41 |    80 |     2 ||   148
Dodge: Dodged            |    92 |   183 |   243 |  1151 |    32 ||  1701

Levels and vault maps discovered:
D:1:      scummos_arrival_star, layout_basic, minmay_octomino_e4
D:2:      layout_loops_ring, gammafunk_temple_overflow_wave
D:3:      minmay_goblin_kobold_castle, layout_basic, gup_sewer_entry_glass
D:4:      layout_basic, makhleb_grotto_becter, minmay_temple_entry_glass,
          minmay_manual_mullet
D:5:      layout_rooms
D:6:      layout_layer_cave
D:7:      layout_gridville, uniq_duvessa, uniq_prince_ribbit1
D:8:      layout_rooms, chequers_temple_overflow_minitemple,
          kennysheep_generic_room_16
D:9:      layout_cave_pools, minmay_statue_bubble
D:10:     kennysheep_kobold_lugonu_temple, layout_rooms, minmay_misc_feat_alley
D:11:     layout_small_grid, erik_lair_island, uniq_snorg
Temple:   eino_temple_water
Lair:1:   layout_cave_shapes, grunt_megastairs_1
Lair:2:   layout_hall_layers, elwin_shoals_entry_rooms,
          minmay_lair_oklob_chamber, uniq_nergalle
Lair:3:   layout_chaotic_city, minmay_swamp_entry_swarm, serial_bayou_shore_b,
          uniq_urug
Lair:4:   layout_roguey, lemuel_fruit_fields, serial_bayou_shore_b, uniq_nessos

Notes
Turn   | Place    | Note
-------+----------+-------------------------------------------
     0 | D:1      | Dracia the Demonspawn Arcane Marksman began the quest for
                  | the Orb.
     0 | D:1      | Reached XP level 1. HP: 15/15 MP: 2/2
    17 | D:1      | Reached skill level 2 in Crossbows
    26 | D:1      | Gained mutation: You have sharp toenails. [demonic
                  | ancestry]
    26 | D:1      | Reached XP level 2. HP: 11/21 MP: 2/4
   283 | D:1      | Learned a level 2 spell: Slow
   686 | D:1      | Reached skill level 2 in Spellcasting
   875 | D:1      | Gained mutation: A weak demonic guardian rushes to your
                  | aid. [demonic ancestry]
   875 | D:1      | Reached XP level 3. HP: 19/26 MP: 4/6
   895 | D:1      | Learned a level 3 spell: Inner Flame
  1509 | D:2      | HP: 1/26 [bullfrog zombie (5)]
  1513 | D:2      | Reached skill level 3 in Crossbows
  1513 | D:2      | Reached XP level 4. HP: 3/32 MP: 7/7
  2327 | D:2      | Found a shimmering altar of Xom.
  2327 | D:2      | Found a glowing golden altar of the Shining One.
  3427 | D:3      | Found a glowing drain.
  3451 | D:3      | Reached skill level 4 in Hexes
  3468 | Sewer    | Entered a sewer
  3694 | Sewer    | Gained mutation: You sometimes gain a little power by
                  | taking damage. [demonic ancestry]
  3694 | Sewer    | Reached XP level 5. HP: 33/37 MP: 8/8
  4155 | Sewer    | Reached skill level 4 in Crossbows
  4289 | D:3      | Gained mutation: You have a somewhat thin skeletal
                  | structure. (Dex +2, Stealth) [demonic ancestry]
  4289 | D:3      | Reached XP level 6. HP: 42/43 MP: 9/9
  4297 | D:3      | Learned a level 3 spell: Portal Projectile
  5257 | D:3      | HP: 4/43 [orc priest/nerve-wracking pain (13)]
  5265 | D:3      | HP: 2/43 [orc/+0 trident (3)]
  5721 | D:3      | Reached skill level 1 in Stealth
  6361 | D:3      | Reached skill level 1 in Short Blades
  6361 | D:3      | Reached skill level 5 in Hexes
  6378 | D:3      | Reached skill level 2 in Stealth
  6504 | D:3      | Gained mutation: You sometimes gain power by taking damage.
                  | [demonic ancestry]
  6504 | D:3      | Reached XP level 7. HP: 34/48 MP: 10/10
  6573 | D:3      | Reached skill level 3 in Stealth
  6904 | D:4      | Identified a scarf of resistance (You found it on level 4
                  | of the Dungeon)
  6956 | D:4      | Reached skill level 2 in Short Blades
  6994 | D:4      | Found a staircase to the Ecumenical Temple.
  7114 | Temple   | Entered the Ecumenical Temple
  7176 | Temple   | Became a worshipper of Dithmenos the Shadowed
  7549 | D:4      | Found a burning altar of Makhleb.
  7575 | D:4      | Reached skill level 4 in Stealth
  8045 | D:4      | Gained mutation: You have a moderately thin skeletal
                  | structure. (Dex +4, Stealth+) [demonic ancestry]
  8045 | D:4      | Reached XP level 8. HP: 54/54 MP: 11/11
  8169 | D:4      | Reached skill level 3 in Short Blades
  8169 | D:4      | Reached skill level 6 in Hexes
  8172 | D:4      | Reached skill level 5 in Stealth
  8292 | D:5      | Entered Level 5 of the Dungeon
  8313 | D:4      | Reached skill level 2 in Dodging
  8520 | D:5      | Reached * piety under Dithmenos
  8629 | D:5      | Reached skill level 3 in Dodging
  8709 | D:5      | Reached skill level 6 in Stealth
  9246 | D:6      | Reached skill level 4 in Short Blades
  9632 | D:6      | Reached skill level 4 in Dodging
  9685 | D:6      | Reached ** piety under Dithmenos
 10219 | D:7      | Noticed Prince Ribbit
 10227 | D:7      | Killed Prince Ribbit
 10227 | D:7      | Reached skill level 7 in Stealth
 10227 | D:7      | Gained mutation: You have razor-sharp toenails. [demonic
                  | ancestry]
 10227 | D:7      | Reached XP level 9. HP: 59/59 MP: 12/12
 10403 | D:7      | Reached skill level 5 in Dodging
 10678 | D:7      | Noticed Duvessa
 10678 | D:7      | Noticed Dowan
 10695 | D:7      | Killed Duvessa
 10695 | D:7      | Reached skill level 5 in Short Blades
 10695 | D:7      | Reached skill level 8 in Stealth
 10698 | D:7      | Killed Dowan
 11016 | D:8      | Reached skill level 6 in Dodging
 11234 | D:8      | Identified a potion of resistance
 11384 | D:8      | Found a hazy altar of Hepliaklqana.
 11384 | D:8      | Found a sparkling altar of Nemelex Xobeh.
 11389 | D:8      | Found a sacrificial altar of Ru.
 11391 | D:8      | Found a stormy altar of Qazlal.
 11392 | D:8      | Found an opulent altar of Gozag.
 11642 | D:9      | Reached skill level 7 in Dodging
 11642 | D:9      | Reached skill level 9 in Stealth
 11642 | D:9      | Reached XP level 10. HP: 65/65 MP: 13/13
 11655 | D:9      | Noticed a manticore
 11669 | D:9      | Killed a manticore
 11669 | D:9      | Reached skill level 6 in Short Blades
 11866 | D:9      | Noticed an orange crystal statue
 11929 | D:9      | Reached skill level 8 in Dodging
 12078 | D:9      | Reached *** piety under Dithmenos
 12627 | D:10     | Entered Level 10 of the Dungeon
 12641 | D:10     | Reached skill level 7 in Short Blades
 12641 | D:10     | Reached skill level 9 in Dodging
 12744 | D:10     | Reached skill level 10 in Stealth
 12752 | D:10     | Reached skill level 1 in Invocations
 12897 | D:10     | Reached skill level 2 in Invocations
 13081 | D:10     | Noticed a two-headed ogre
 13255 | D:9      | Killed a two-headed ogre
 13255 | D:9      | Reached skill level 10 in Dodging
 13255 | D:9      | Reached skill level 3 in Invocations
 13577 | D:10     | Reached XP level 11. HP: 70/70 MP: 14/14
 13665 | D:10     | Found a corrupted altar of Lugonu.
 13679 | D:10     | Noticed a sun demon
 13701 | D:10     | Noticed a sun demon
 13702 | D:10     | Noticed a soul eater
 13759 | D:10     | Reached skill level 8 in Short Blades
 14015 | D:11     | Got a dazzling leather armour
 14016 | D:11     | Identified the +2 leather armour of the Kettle-Drum {rF++
                  | rC+ MP+9 SInv} (You found it on level 11 of the Dungeon)
 14098 | D:11     | Found a staircase to the Lair.
 14103 | D:11     | Noticed an unseen horror
 14588 | D:11     | Noticed a white ugly thing
 14629 | D:11     | Killed a white ugly thing
 14629 | D:11     | Reached **** piety under Dithmenos
 14781 | D:11     | Noticed Snorg
 14935 | D:11     | Killed Snorg
 14998 | D:11     | Reached skill level 9 in Short Blades
 15393 | D:11     | Found a staircase to the Orcish Mines.
 15511 | D:11     | Killed an unseen horror
 15511 | D:11     | Reached skill level 11 in Dodging
 15858 | Lair:1   | Entered Level 1 of the Lair of Beasts
 16234 | Lair:1   | Reached skill level 11 in Stealth
 16498 | Lair:2   | Reached skill level 10 in Short Blades
 16506 | Lair:2   | Noticed Nergalle
 16513 | Lair:2   | Killed Nergalle
 16516 | Lair:2   | Gained mutation: You have claws for feet. [demonic
                  | ancestry]
 16516 | Lair:2   | Reached XP level 12. HP: 76/76 MP: 15/15
 16832 | Lair:2   | Reached skill level 12 in Dodging
 16958 | Lair:2   | Reached skill level 12 in Stealth
 16958 | Lair:2   | Reached skill level 7 in Hexes
 17140 | Lair:2   | Found a staircase to the Shoals.
 17736 | Lair:3   | Noticed Urug
 17738 | Lair:3   | Killed Urug
 17848 | Lair:2   | Reached skill level 8 in Hexes
 17860 | Lair:2   | Learned a level 4 spell: Cause Fear
 18171 | Lair:3   | Found a staircase to the Swamp.
 18378 | Lair:3   | Noticed a six-headed hydra
 18391 | Lair:3   | Killed a six-headed hydra
 18391 | Lair:3   | Reached skill level 13 in Stealth
 18391 | Lair:3   | Reached skill level 9 in Hexes
 18718 | Lair:3   | Reached XP level 13. HP: 53/81 MP: 16/16
 19059 | Lair:4   | Slain by a death yak

Vanquished Creatures
  Snorg (D:11)
  A hydra (Lair:3)
  2 death yaks (Lair:4)
  A two-headed ogre (D:9)
  Urug (Lair:3)
  Nergalle (Lair:2)
  An unseen horror (D:11)
  An ugly thing (D:11)
  A manticore (D:9)
  A merfolk siren (Lair:2)
  A centaur zombie (D:9)
  5 elephants (Lair:2)
  3 black mambas
  6 cane toads
  A rime drake (Lair:2)
  3 kobold demonologists (D:10)
  7 komodo dragons
  3 trolls
  Prince Ribbit (D:7)
  3 blink frogs (Lair:2)
  4 basilisks
  23 yaks
  4 wyverns
  2 steam dragons
  9 vampire mosquitoes
  10 water moccasins
  Duvessa (D:7)
  3 orc warriors
  3 black bears
  4 ice beasts
  4 sky beasts
  An eye of draining (D:9)
  A necrophage (D:10)
  A phantom (D:8)
  11 wolves
  2 ogres
  6 centaurs
  5 big kobolds
  11 bullfrogs
  Dowan (D:7)
  4 scorpions
  10 wights
  2 howler monkeys (D:9)
  3 electric eels
  A bullfrog zombie (D:2)
  A crimson imp (D:4)
  9 hounds
  2 bullfrog skeletons
  6 orc priests
  4 jellies
  4 orc wizards
  4 iguanas
  6 hell rats (Lair:4)
  13 worker ants
  A worker ant zombie (D:5)
  12 gnolls
  A howler monkey skeleton (D:6)
  9 adders
  A white imp (D:10)
  3 ufetubi
  4 oozes
  An adder skeleton (D:5)
  3 worms
  2 dart slugs (D:1)
  7 leopard geckos
  15 orcs
  2 ball pythons
  11 giant cockroaches
  7 goblins
  6 hobgoblins
  19 jackals
  62 kobolds
  6 quokkas
  8 bats
  9 frilled lizards
  A jackal zombie (D:8)
  A quokka skeleton (D:6)
  6 rats
416 creatures vanquished.

Vanquished Creatures (collateral kills)
  A torpor snail (Lair:2)
  A cane toad (Lair:1)
  A polar bear (Lair:3)
  A steam dragon (D:9)
  A vampire mosquito (D:9)
  A water moccasin (Lair:1)
  A sky beast (D:5)
  An ogre (D:4)
  A big kobold (Sewer)
  2 bullfrogs (Lair:2)
  A wyvern skeleton (D:9)
  A wight (D:11)
  An electric eel (D:11)
  A jelly (D:5)
  An orc wizard (D:3)
  3 gnolls
  A jackal (D:4)
  11 kobolds
  A quokka (D:4)
  A frilled lizard (D:4)
  A butterfly (Lair:4)
34 creatures vanquished.

Vanquished Creatures (others)
  A demonic plant (D:10)
  3 fungi
  25 plants
29 creatures vanquished.

Grand Total: 479 creatures vanquished

Table legend: (Time is in decaauts)
 A = Elapsed time spent in this place.
 B = Non-inter-level travel time spent in this place.
 C = Inter-level travel time spent in this place.
 D = Time resting spent in this place.
 E = Time spent auto-exploring this place.
 F = Levels seen in this place.
 G = Mean time per level.
                   A        B        C        D        E       F      G
               +--------+--------+--------+--------+--------+-----+--------+
         Total |  18720 |  18183 |    537 |   3302 |  11074 |  17 | 1101.2 |
       Dungeon |  14809 |  14387 |    422 |   2608 |   8912 |  11 | 1346.3 |
        Temple |     82 |     67 |     15 |      0 |     52 |   1 |   82.0 |
          Lair |   2995 |   2896 |     99 |    404 |   1726 |   4 |  748.8 |
         Sewer |    833 |    833 |      0 |    290 |    382 |   1 |  833.0 |
               +--------+--------+--------+--------+--------+-----+--------+

Top non-repeatable levels by time:
     D:2: 2509 daAuts
     D:3: 2369 daAuts
    D:11: 1709 daAuts
     D:4: 1537 daAuts
     D:9: 1382 daAuts
     D:1: 1211 daAuts
  Lair:3: 1178 daAuts
  Lair:2: 1061 daAuts
    D:10: 984 daAuts
     D:6: 913 daAuts
   Sewer: 833 daAuts
     D:5: 736 daAuts
     D:8: 732 daAuts
     D:7: 724 daAuts
  Lair:1: 587 daAuts

Table legend:
 A = Non-vault XP
 B = Vault XP
 C = Vault XP percentage of total XP
 D = Non-vault monster count
 E = Vault monster count
 F = Vault count percentage of total count
                 A         B        C        D         E       F
            +---------+---------+-------+---------+---------+-------
      Total |   32492 |    8875 |  21.5 |     332 |     117 |  26.1
            +---------+---------+-------+---------+---------+-------
        D:1 |      51 |       0 |   0.0 |      23 |       0 |   0.0
        D:2 |     111 |       0 |   0.0 |      32 |       0 |   0.0
        D:3 |     198 |     352 |  64.0 |      25 |      56 |  69.1
        D:4 |     631 |     181 |  22.3 |      28 |       6 |  17.6
        D:5 |     575 |       0 |   0.0 |      20 |       0 |   0.0
        D:6 |     365 |       0 |   0.0 |      12 |       0 |   0.0
        D:7 |     810 |     494 |  37.9 |      18 |       3 |  14.3
        D:8 |    1098 |       8 |   0.7 |      18 |       1 |   5.3
        D:9 |    4530 |       0 |   0.0 |      32 |       0 |   0.0
       D:10 |    1548 |    1099 |  41.5 |      17 |       3 |  15.0
       D:11 |    3197 |    1919 |  37.5 |      24 |      10 |  29.4
     Lair:1 |    2897 |     474 |  14.1 |      16 |       2 |  11.1
     Lair:2 |    5878 |    3009 |  33.9 |      22 |       9 |  29.0
     Lair:3 |    7326 |    1155 |  13.6 |      31 |       3 |   8.8
     Lair:4 |    3277 |       0 |   0.0 |      14 |       0 |   0.0
      Sewer |       0 |     184 | 100.0 |       0 |      24 | 100.0
            +---------+---------+-------+---------+---------+-------
